 Dungeon Crawl Stone Soup version 0.18.1-47-g9310371 (webtiles) character file.

1371 zervinho the Covert (level 8, 0/36 HPs)
             Began as a Spriggan Enchanter on June 21, 2016.
             Slain by a killer bee (8 damage)
             ... on level 5 of the Dungeon.
             The game lasted 00:38:58 (8262 turns).

zervinho the Covert (Spriggan Enchanter)            Turns: 8262, Time: 00:38:59

Health: 0/36       AC:  8    Str:  4    XL:     8   Next: 38%
Magic:  16/17      EV: 21    Int: 19    God:
Gold:   285        SH:  0    Dex: 16    Spells: 3 memorised, 11 levels left

rFire  . . .     SeeInvis +     a - +2 dagger
rCold  . . .     Gourm    .     b - +2 robe
rNeg   . . .     Faith    .     (shield restricted)
rPois  .         Spirit   .     (helmet restricted)
rElec  .         Dismiss  .     (no cloak)
rCorr  .         Reflect  .     (gloves unavailable)
SustAt .         Harm     .     (boots unavailable)
MR     +....                    (no amulet)
Stlth  +++++.....               (no ring)
                                f - +4 ring of protection

@: lethally poisoned (0 -> -11), very quick, somewhat resistant to hostile
enchantments, quite stealthy
A: unfitting armour, talons 1, see invisible, herbivore 3, speed 3, slow
metabolism 2
a: no special abilities


You were on level 5 of the Dungeon.
You were not hungry.

You visited 2 branches of the dungeon, and saw 8 of its levels.
You also visited: Sewer.

You collected 285 gold pieces.

Inventory:

Hand Weapons
 a - a +2 dagger (weapon)
 e - a +0 blowgun
 m - a +0 dagger of freezing
 v - a +0 blowgun
 w - a +0 dagger
Missiles
 l - 135 sling bullets
 p - 41 poisoned needles
 t - 190 stones (quivered)
Armour
 b - a +2 robe (worn)
Jewellery
 f - a +4 ring of protection (left hand)
 E - an uncursed ring of wizardry {unknown}
Wands
 D - a wand of confusion (33/48)
Scrolls
 i - a scroll of recharging
 j - 3 scrolls of enchant armour
 k - 2 scrolls of remove curse
 n - 6 scrolls of identify
 q - a scroll of random uselessness
 y - a scroll of enchant weapon
 F - a scroll of fog {unknown}
Potions
 g - a potion of lignification {unknown}
 h - a potion of beneficial mutation
 o - a potion of flight
 r - a potion of haste {unknown}
 u - a potion of degeneration {unknown}
 x - a potion of heal wounds {unknown}
 A - 2 potions of curing
 C - a potion of berserk rage {unknown}
Books
 c - a book of Maledictions

   Spells                             Type                      Level
   a - Corona                         Hexes                        1
   b - Ensorcelled Hibernation        Hexes/Ice                    2
   c - Confuse                        Hexes                        3
   d - Tukima's Dance                 Hexes                        3
   e - Dazzling Spray                 Conjuration/Hexes            3
 G - a book of Beasts

   Spells                             Type                      Level
   a - Summon Butterflies             Summoning                    1
   b - Call Canine Familiar           Summoning                    3
   c - Summon Ice Beast               Ice/Summoning                4
   d - Summon Mana Viper              Hexes/Summoning              5
   e - Summon Hydra                   Summoning                    7
Comestibles
 d - 5 bread rations
 s - 4 fruits
 z - a slice of pizza
 B - a royal jelly


   Skills:
 * Level 6.1 Short Blades
 + Level 6.1 Dodging
 * Level 9.3 Stealth
 + Level 5.4 Spellcasting
 + Level 6.0 Hexes


You had 11 spell levels left.
You knew the following spells:

 Your Spells              Type           Power        Failure   Level  Hunger
a - Corona                Hex            ####...      1%          1    None
b - Confuse               Hex            ####....     3%          3    ##.....
c - Ensorcelled Hibernat  Hex/Ice        ###...       8%          2    None


Dungeon Overview and Level Annotations

Branches:
Dungeon (7/15)             Temple (1/1) D:6

Altars:
Cheibriados
Dithmenos
Elyvilon
Fedhas
Gozag
Kikubaaqudgha
Nemelex Xobeh
Okawaru
Pakellas
Qazlal
Ru
Trog
Xom
Zin
The Shining One

Annotations:
D:7 Joseph, Prince Ribbit


Innate Abilities, Weirdness & Mutations

You are tiny and cannot use many weapons and most armour.
You have supernaturally acute eyesight.
You are a herbivore.
You cover ground extremely quickly.
You need consume almost no food.
You have sharp toenails.


Message History

You hit the killer bee but do no damage.
You claw the killer bee, but do no damage.
The killer bee closely misses you. The killer bee stings you.
You are more poisoned.
The killer bee poisons you!
You hit the killer bee.
You claw the killer bee, but do no damage.
The killer bee is lightly wounded.
You feel sick. The killer bee stings you.
* * * LOW HITPOINT WARNING * * *
You hit the killer bee.
The killer bee is lightly wounded.
* * * LOW HITPOINT WARNING * * *
You feel sick.
The killer bee completely misses you. x2
You hit the killer bee but do no damage.
You claw the killer bee, but do no damage.
The killer bee is lightly wounded.
* * * LOW HITPOINT WARNING * * *
You feel sick. The killer bee stings you!
You die...

#......# #......#
#......# #......#
##.....# #......##
##########.......#
#........>#......#
#.........y@.....#
#........>########
#................#
######................#
.#...##'###+###.......#
#.............#.......#
#.............#.....(.#
#.............'.......#
#.............#.......#


You could see a killer bee.

Vanquished Creatures
  Edmund (D:4)
  An orc warrior (D:6)
  A black bear (D:6)
  A centaur (D:7)
  2 giant frogs
  2 scorpions
  3 killer bees (D:7)
  A crimson imp (D:6)
  A wasp zombie (D:7)
  A giant frog skeleton (D:5)
  2 hounds (D:5)
  4 orc priests
  A jelly (D:7)
  2 orc wizards
  2 worker ants
  2 hound skeletons
  8 adders
  2 river rats
  An adder skeleton (D:4)
  4 worms
  A dart slug (D:1)
  3 giant geckos (D:2)
  14 orcs
  6 giant cockroaches
  8 goblins
  5 hobgoblins
  8 jackals
  11 kobolds
  3 quokkas (D:4)
  4 ball pythons (D:3)
  8 bats
  2 giant newts (D:2)
  A quokka skeleton (D:4)
  9 rats
125 creatures vanquished.

Notes
Turn   | Place    | Note
--------------------------------------------------------------
     0 | D:1      | zervinho the Spriggan Enchanter began the quest for the Orb.
     0 | D:1      | Reached XP level 1. HP: 9/9 MP: 5/5
   318 | D:1      | Reached XP level 2. HP: 10/13 MP: 4/6
   873 | D:1      | Reached skill level 5 in Stealth
  1136 | D:2      | Reached XP level 3. HP: 11/16 MP: 4/8
  1680 | D:2      | Found an iron altar of Okawaru.
  1901 | D:2      | Gained mutation: You have sharp toenails. [potion of beneficial mutation]
  2330 | D:3      | Found a snail-covered altar of Cheibriados.
  2608 | D:3      | Reached XP level 4. HP: 21/21 MP: 7/9
  2704 | D:3      | Found a glowing silver altar of Zin.
  2716 | D:3      | Learned a level 3 spell: Confuse
  2719 | D:3      | Learned a level 2 spell: Ensorcelled Hibernation
  2968 | D:3      | Found a glowing drain.
  3258 | Sewer    | Entered a sewer
  3704 | D:4      | Reached skill level 6 in Stealth
  3879 | D:4      | Reached XP level 5. HP: 21/24 MP: 8/11
  4089 | D:4      | Found a sparkling altar of Nemelex Xobeh.
  4116 | D:4      | Noticed Edmund
  4132 | D:4      | Killed Edmund
  4132 | D:4      | Reached XP level 6. HP: 21/28 MP: 6/12
  4516 | D:5      | Entered Level 5 of the Dungeon
  4811 | D:5      | Reached skill level 7 in Stealth
  5312 | D:5      | You fall through a shaft for 2 floors!
  5331 | D:7      | Reached XP level 7. HP: 32/32 MP: 14/14
  5346 | D:7      | Reached skill level 5 in Hexes
  5358 | D:7      | Noticed Prince Ribbit
  5982 | D:7      | Reached skill level 5 in Dodging
  6194 | D:7      | Reached skill level 8 in Stealth
  6202 | D:7      | Reached skill level 5 in Short Blades
  6515 | D:7      | Noticed Joseph
  6939 | D:6      | Found a bloodstained altar of Trog.
  7007 | D:6      | Reached skill level 5 in Spellcasting
  7007 | D:6      | Reached XP level 8. HP: 4/36 MP: 12/16
  7481 | D:6      | Reached skill level 9 in Stealth
  7514 | D:6      | Found a staircase to the Ecumenical Temple.
  7575 | Temple   | Entered the Ecumenical Temple
  7989 | D:6      | Found a stormy altar of Qazlal.
  8262 | D:5      | Slain by a killer bee

Skill      XL: |  1  2  3  4  5  6  7  8 |
---------------+-------------------------+-----
Stealth        | 5 6 7 8 9 |  9.3
Short Blades   | 2 3 4 5 6 |  6.1
Spellcasting   | 3 4 5 |  5.4
Hexes          | 4 5 6 |  6.0
Dodging        | 4 5 6 |  6.1

Action                   |  1- 3 |  4- 6 |  7- 9 || total
-------------------------+-------+-------+-------++-------
Melee: Dagger            |   240 |   199 |   169 ||   608
       Kick              |    19 |    29 |    35 ||    83
 Cast: Corona            |    44 |    35 |    30 ||   109
       Ensorcelled Hiber |       |    14 |    35 ||    49
       Confuse           |       |     1 |     6 ||     7
  Use: Scroll            |     2 |       |     7 ||     9
       Potion            |     3 |       |     3 ||     6
 Stab: Sleeping          |    10 |    22 |    18 ||    50
       Confused          |       |     1 |       ||     1
       Distracted        |       |       |     1 ||     1
  Eat: Fruit             |       |     2 |       ||     2
       Bread ration      |       |     1 |       ||     1
Armor: Robe              |    47 |    33 |    30 ||   110
Dodge: Dodged            |   201 |   187 |   178 ||   566
